 Dungeon Crawl Stone Soup version 0.27-a0-1099-g7f87ac42b0 (webtiles) character file.

Game seed: 15021084084227453385

41 Gaff the Magician (level 3, -9/25 HPs)
             Began as a Djinni Earth Elementalist on Apr 28, 2021.
             Was a Believer of Lugonu.
             Mangled by an ogre
             ... wielding a +0 giant spiked club
              (32 damage)
             ... on level 2 of the Dungeon.
             The game lasted 00:03:43 (2258 turns).

Gaff the Magician (Djinni Earth Elementalist)       Turns: 2258, Time: 00:03:44

Health: -9/25      AC:  2    Str:  7    XL:     3   Next: 52%
Gold:   20         EV: 12    Int: 17    God:    Lugonu [**....] SH:  0 Dex: 13

rFire    + + .     SeeInvis .   d - +0 long sword
rCold    x . .     Faith    .   (no shield)
rNeg     . . .     Spirit   .   c - +0 robe
rPois    ∞         Reflect  .   (no helmet)
rElec    .         Harm     .   (no cloak)
rCorr    .         Rampage  .   (no gloves)
Will     .....                  (boots unavailable)
Stlth    ++........             (no amulet)
HPRegen  0.08/turn              (no ring)
MPRegen  0.00/turn              (no ring)

@: flying
A: fire resistance 2, cold vulnerability 1, float, innate caster, hp casting,
extra vitality 1
a: Renounce Religion, Depart the Abyss, Bend Space


You were on level 2 of the Dungeon.
You worshipped Lugonu.
Lugonu was pleased with you.
You visited 1 branch of the dungeon, and saw 2 of its levels.

You collected 20 gold pieces.

Inventory:

Hand Weapons
 d - a +0 long sword (weapon)
Missiles
 b - 23 stones
 g - 6 boomerangs of dispersal
Armour
 c - a +0 robe (worn)
Scrolls
 a - a scroll of identify {unknown}
 e - a scroll of summoning {unknown}
 f - a scroll of fog {unknown}
 h - a scroll of teleportation {unknown}


   Skills:
 + Level 2.5 Dodging
 + Level 1.7 Stealth
 + Level 3.6 Spellcasting


You couldn't memorise any spells.
You knew the following spells:

 Your Spells              Type           Power      Damage    Failure   Level
a - Sandblast             Erth           30%        2d9       3%          1
b - Passwall              Tmut/Erth      12%        N/A       5%          2
c - Stone Arrow           Conj/Erth      30%        3d8       11%         3
d - Petrify               Tmut/Erth      15%        N/A       36%         4
e - Lee's Rapid Deconstr  Erth           7%         3d8*      71%         5
f - Freeze                Ice            60%        1d8       3%          1
Your spell library was empty.

Dungeon Overview and Level Annotations

Branches:
Dungeon (2/15)

Altars:
Lugonu

Annotations:
D:2 1 runed translucent door, Crazy Yiuf


Innate Abilities, Weirdness & Mutations

You are immune to poison.
Your flesh is very heat resistant. (rF++)
You are vulnerable to cold. (rC-)
You float through the air rather than walking.
You learn spells naturally, not from books.
Your magical power is your life essence.
You have superior vitality. (+4 HP)


Message History

HP restored.
Found a stone staircase leading down.
A hobgoblin comes into view.
The hobgoblin shouts!
You hit the hobgoblin but do no damage. The hobgoblin barely misses you.
You riposte.
You slash the hobgoblin!
You kill the hobgoblin!
Lugonu accepts your kill.
Found a scroll labelled ARRUOQ ZYMUORGH.
Found 12 bolts.
h - a scroll labelled ARRUOQ ZYMUORGH A rat comes into view.
The helpless rat fails to defend itself.
You hit the rat.
You kill the rat!
Lugonu accepts your kill.
Found a stone staircase leading down.
An ogre is nearby!
Aiming: Sandblast (safe; 3% risk of failure)
Press: ? - help, Q - select action, (/) - cycle Shift-Dir - straight line, f - you
Okay, then.
Casting: Sandblast (safe; 3% risk of failure)
Confirm with . or Enter, or press ? or * to list all spells.
Okay, then.
The ogre shouts!
Aiming: Sandblast (safe; 3% risk of failure)
Press: ? - help, Q - select action, (/) - cycle Shift-Dir - straight line, f - ogre
Aim: an ogre, wielding a +0 giant spiked club (90% to hit)
The blast of sand hits the ogre!
The ogre is heavily wounded.
Casting: Sandblast (safe; 3% risk of failure)
Confirm with . or Enter, or press ? or * to list all spells.
Aiming: Freeze (safe; 3% risk of failure)
Press: ? - help, Shift-Dir - straight line, f/p - ogre
Aim: an ogre, wielding a +0 giant spiked club (heavily wounded)
You freeze the ogre.
The ogre is heavily wounded.
The ogre hits you with a +0 giant spiked club!!
Ouch! That really hurt!
You die...

#.#####.##.####### #.# #.##.# #
########.#####.##.# #
#........##....##.#######
#########.#####.........#.#.....#
.......................>......#.#
####..........#.........#...#.#.#
## #.......<..#.........#####.#.#
.# #....|.....#.@##.#####...#.#.#
.# #..........#O........#.#.#.#.#
.# #................#.#.#.#......
####.........###.##.#.#.#.###.#.#
..##.........# #.##.#.#.#.....#.#
..# ##.#..#.O....##.#.#.#######.#
..# #.#............#.........#.#
..# #.#.############........##.#
### #.#....... ##.#.#.....#.#


You could see an ogre.

Vanquished Creatures
  An adder (D:2)
  2 worms (D:2)
  A dart slug (D:1)
  4 ball pythons
  An endoplasm (D:1)
  3 giant cockroaches
  3 goblins
  3 hobgoblins (D:2)
  A kobold (D:2)
  2 bats (D:1)
  2 rats
23 creatures vanquished.

Notes
Turn   | Place    | Note
-------+----------+-------------------------------------------
     0 | D:1      | Gaff the Djinni Earth Elementalist began the quest for the
                  | Orb.
     0 | D:1      | Reached XP level 1. HP: 15/15 MP: 0/0
     1 | D:1      | You are sucked into a shaft and drop 1 floor!
   358 | D:1      | Found a faded altar of an unknown god.
   365 | D:1      | Became a worshipper of Lugonu the Unformed
   365 | D:1      | Reached * piety under Lugonu
   365 | D:1      | Reached ** piety under Lugonu
   439 | D:1      | Reached skill level 3 in Spellcasting
   573 | D:1      | Reached XP level 2. HP: 20/21 MP: 0/0
  1287 | D:2      | Noticed an ogre
  1428 | D:2      | Found a runed translucent door.
  1429 | D:2      | Noticed Crazy Yiuf
  1532 | D:2      | Reached XP level 3. HP: 7/25 MP: 0/0
  1532 | D:2      | Learned a level 1 spell: Freeze
  2258 | D:2      | Mangled by an ogre

Illustrated notes

Levels and vault maps discovered:
D:1:      beargit_arrival_diablo_church, layout_loops_corners,
          shapermc_ecumenical_altar_venn
D:2:      layout_basic, uniq_crazy_yiuf_cottage

Skill      XL: |  1 |
---------------+----+-----
Spellcasting   | 3 |  3.6
Dodging        | |  2.5
Stealth        | |  1.7

Action                   || total
-------------------------++-------
Melee: Long sword        ||    23
 Cast: Sandblast         ||    29
       Freeze            ||     1
 Stab: Sleeping          ||     1
Armor: Robe              ||     6
Dodge: Dodged            ||    19
       Rpst.: Long sword ||     7

Table legend: (Time is in decaauts)
 A = Elapsed time spent in this place.
 B = Non-inter-level travel time spent in this place.
 C = Inter-level travel time spent in this place.
 D = Time resting spent in this place.
 E = Time spent auto-exploring this place.
 F = Levels seen in this place.
 G = Mean time per level.
                   A        B        C        D        E       F      G
               +--------+--------+--------+--------+--------+-----+--------+
         Total |   2268 |   2218 |     50 |    826 |    950 |   2 | 1134.0 |
       Dungeon |   2268 |   2218 |     50 |    826 |    950 |   2 | 1134.0 |
               +--------+--------+--------+--------+--------+-----+--------+

Top non-repeatable levels by time:
     D:2: 1146 daAuts
     D:1: 1121 daAuts
